[Event "GER-ch Youth U10 2020"]
[Site "Willingen"]
[Date "2020.10.30"]
[Round "6.5"]
[White "Barthel, Jacob"]
[Black "Dordevic, Tom"]
[Result "0-1"]
[ECO "D02"]
[WhiteElo "1231"]
[BlackElo "1535"]
[Annotator "NA RC"]
[PlyCount "110"]
[EventDate "2020.10.27"]
[EventType "swiss"]
[EventRounds "7"]
[EventCountry "GER"]
[SourceTitle "playchess.com"]
[Source "ChessBase"]
[SourceQuality "1"]
[TimeControl "40/4500+30:900+30"]

1. d4 d5 2. Bf4 Nf6 3. Nf3 e6 4. e3 c5 5. c3 Bd6 6. Bg3 Qc7 7. Bd3 c4 8. Bc2 Nbd7 9. Nbd2 e5 10. dxe5 Nxe5 11. Bxe5 Bxe5 12. Nxe5 Qxe5 13. Nf3 Qe7 14. h3 h6 15. Qe2 b5 16. Nd4 Bd7 17. Rd1 a5 18. O-O O-O 19. Ra1 Rfe8 20. Rfd1 Ne4 21. Nf3 Be6 22. Nd4 Qb7 23. f3 Nc5 24. Rd2 b4 25. Rb1 Ra6 26. Rdd1 Qe7 27. Re1 Qg5 28. g4 Qe7 29. Kg2 Rb6 30. Kf2 Qf6 31. Qd2 h5 32. Bf5 Bxf5 33. Nxf5 Nd3+ 34. Kg3 Nxe1 35. Qxe1 bxc3 36. bxc3 Rxb1 37. Qxb1 Qxc3 38. Qb5 Qe5+ 39. f4 Rb8 40. Qc5 Qa1 41. Kh4 Qe1+ 42. Kg5 hxg4 43. Qd4 f6+ 44. Kg6 Qb1 45. Qxd5+ Kh8 46. Qf7 Rg8 47. hxg4 Qh1 48. Qxc4 Rf8 49. Nh6 Qxh6+ 50. Kf5 Qh7+ 51. Ke6 Qg8+ 52. Kf5 Qxc4 53. e4 g6+ 54. Kxg6 Qxe4+ 55. Kh5 Qh7# 0-1

[Event "GER-ch Youth U10 2020"]
[Site "Willingen"]
[Date "2020.10.30"]
[Round "6.6"]
[White "Burkart, Lloyd Shang"]
[Black "Schuricht, Emil Frederick"]
[Result "1-0"]
[ECO "E85"]
[WhiteElo "1508"]
[BlackElo "1451"]
[Annotator "NA RC"]
[PlyCount "87"]
[EventDate "2020.10.27"]
[EventType "swiss"]
[EventRounds "7"]
[EventCountry "GER"]
[SourceTitle "playchess.com"]
[Source "ChessBase"]
[SourceQuality "1"]
[TimeControl "40/4500+30:900+30"]

1. d4 Nf6 2. c4 g6 3. Nc3 Bg7 4. e4 d6 5. f3 O-O 6. Be3 e5 7. Nge2 Nbd7 8. Qd2 b6 9. Rd1 Re8 10. d5 a5 11. g4 Ba6 12. Ng3 Nc5 13. h4 Nfd7 14. Qh2 Rc8 15. h5 Nf8 16. b3 Re7 17. Bh3 Rb8 18. g5 b5 19. cxb5 Bxb5 20. Nxb5 Rxb5 21. Bf1 Rb6 22. Qf2 Nfd7 23. Qd2 Qa8 24. Be2 Rb4 25. Kf2 Re8 26. Qc2 a4 27. Bc4 Reb8 28. Bd2 axb3 29. axb3 R4b6 30. Ra1 Na6 31. b4 Qb7 32. b5 Nac5 33. Ba5 Rxb5 34. Bxb5 Qxb5 35. Rhb1 Qd3 36. Rxb8+ Nxb8 37. Qxd3 Nxd3+ 38. Ke3 Nf4 39. Bxc7 Nd7 40. Ra8+ Bf8 41. Bxd6 gxh5 42. Bxf8 Nxf8 43. d6 Kg7 44. Nf5+ 1-0

[Event "GER-ch Youth U10 2020"]
[Site "Willingen"]
[Date "2020.10.30"]
[Round "6.7"]
[White "Lu, Yunong Elias"]
[Black "Xue, Luka"]
[Result "1-0"]
[ECO "B01"]
[WhiteElo "1521"]
[BlackElo "1473"]
[Annotator "NA RC"]
[PlyCount "61"]
[EventDate "2020.10.27"]
[EventType "swiss"]
[EventRounds "7"]
[EventCountry "GER"]
[SourceTitle "playchess.com"]
[Source "ChessBase"]
[SourceQuality "1"]
[TimeControl "40/4500+30:900+30"]

1. e4 d5 2. exd5 Qxd5 3. Nc3 Qd6 4. d4 Nf6 5. Bc4 Bg4 6. f3 Bf5 7. Nge2 c6 8. Bf4 Qb4 9. Bb3 e6 10. O-O Nbd7 11. Re1 Be7 12. Ng3 O-O 13. a3 Qa5 14. d5 Bc5+ 15. Kh1 cxd5 16. Nxf5 exf5 17. Nxd5 Nxd5 18. Bxd5 Rad8 19. b4 Bxb4 20. axb4 Qxb4 21. Bd6 Qh4 22. Bxf8 Nxf8 23. c4 Ng6 24. Qc2 Qf6 25. Rxa7 Qh4 26. Rea1 Re8 27. Ra8 Rxa8 28. Rxa8+ Nf8 29. Qe2 Qf4 30. Bxf7+ Kxf7 31. Qe8+ 1-0

[Event "GER-ch Youth U10 2020"]
[Site "Willingen"]
[Date "2020.10.30"]
[Round "6.8"]
[White "Nönnig, Jakob"]
[Black "Malinowsky, Levi"]
[Result "0-1"]
[ECO "C00"]
[WhiteElo "1442"]
[BlackElo "1606"]
[Annotator "NA RC"]
[PlyCount "112"]
[EventDate "2020.10.27"]
[EventType "swiss"]
[EventRounds "7"]
[EventCountry "GER"]
[SourceTitle "playchess.com"]
[Source "ChessBase"]
[SourceQuality "1"]
[TimeControl "40/4500+30:900+30"]

1. e4 e6 2. d4 d5 3. Bd3 dxe4 4. Bxe4 Nf6 5. Bf3 Nc6 6. Ne2 Bd7 7. O-O Bd6 8. c4 O-O 9. Bg5 h6 10. Bh4 Be7 11. Nbc3 Nh7 12. Bxe7 Qxe7 13. Be4 Nf6 14. Bf3 Rad8 15. Qc2 Nb4 16. Qb3 Bc6 17. Bxc6 Nxc6 18. Rad1 b6 19. a4 a5 20. Rfe1 Nb4 21. Na2 Nxa2 22. Qxa2 c6 23. Nc3 Qd7 24. Qb3 Qb7 25. h3 Rfe8 26. Re3 Re7 27. Red3 Red7 28. Ne2 Qa6 29. Qc2 c5 30. dxc5 bxc5 31. Rxd7 Rxd7 32. Rxd7 Nxd7 33. b3 Qd6 34. Nc3 Ne5 35. Ne2 Nc6 36. Nc3 Nb4 37. Qe2 Kf8 38. Kf1 Ke7 39. Ne4 Qd4 40. g4 Nd3 41. Ng3 Qa1+ 42. Kg2 Nf4+ 43. Kf3 Nxe2 44. Nxe2 Qd1 45. h4 Qxb3+ 46. Kg2 Qxc4 47. Ng3 Qxa4 48. Ne2 Qxg4+ 49. Kf1 a4 50. Nc3 Qh3+ 51. Ke2 Qxc3 52. f3 a3 53. Kf2 a2 54. Kg3 a1=Q 55. Kg4 Qg1+ 56. Kf4 Qcd4# 0-1

[Event "GER-ch Youth U10 2020"]
[Site "Willingen"]
[Date "2020.10.30"]
[Round "6.9"]
[White "Middendorf, Sven-Jonas"]
[Black "Pimenov, Danil"]
[Result "1-0"]
[ECO "B31"]
[WhiteElo "1355"]
[BlackElo "1235"]
[Annotator "NA RC"]
[PlyCount "43"]
[EventDate "2020.10.27"]
[EventType "swiss"]
[EventRounds "7"]
[EventCountry "GER"]
[SourceTitle "playchess.com"]
[Source "ChessBase"]
[SourceQuality "1"]
[TimeControl "40/4500+30:900+30"]

1. e4 c5 2. Nf3 Nc6 3. Bb5 g6 4. O-O Bg7 5. c3 a6 6. Ba4 b5 7. Bc2 d6 8. h3 Nf6 9. Re1 O-O 10. d4 cxd4 11. cxd4 e5 12. dxe5 dxe5 13. Nc3 Be6 14. Bg5 Qc7 15. Nd5 Bxd5 16. exd5 Rfd8 17. Bb3 e4 18. Rc1 exf3 19. Rxc6 Qxc6 20. dxc6 Rxd1 21. Rxd1 fxg2 22. c7 1-0

[Event "GER-ch Youth U10 2020"]
[Site "Willingen"]
[Date "2020.10.30"]
[Round "6.10"]
[White "Kullmann, Theo"]
[Black "Aweh, Mads"]
[Result "1/2-1/2"]
[ECO "B23"]
[WhiteElo "1632"]
[BlackElo "1328"]
[Annotator "NA RC"]
[PlyCount "108"]
[EventDate "2020.10.27"]
[EventType "swiss"]
[EventRounds "7"]
[EventCountry "GER"]
[SourceTitle "playchess.com"]
[Source "ChessBase"]
[SourceQuality "1"]
[TimeControl "40/4500+30:900+30"]

1. e4 c5 2. Nc3 e6 3. d3 d5 4. e5 Nc6 5. f4 Bd7 6. g3 Nge7 7. Bg2 Ng6 8. Nf3 Be7 9. Bd2 O-O 10. O-O Qb6 11. b3 c4+ 12. Kh1 cxd3 13. cxd3 Nb4 14. Be1 Qa6 15. d4 Rac8 16. Rg1 b6 17. Bf1 Qb7 18. a3 Nc6 19. b4 Rfd8 20. Qd2 a5 21. b5 Na7 22. a4 Qc7 23. Rc1 Bb4 24. Qe3 Ne7 25. Bd3 Qb7 26. g4 Rc7 27. f5 Rdc8 28. Bb1 Bxc3 29. Bxc3 exf5 30. gxf5 Nxf5 31. Qg5 g6 32. Bd2 Rxc1 33. Bxc1 Ng7 34. Qh6 Ne6 35. Bf5 Rc3 36. Bxe6 Rxf3 37. Qh5 Bxe6 38. Qxf3 Qc8 39. Bh6 Qc2 40. Re1 Bf5 41. Qxd5 Qc8 42. Rg1 Be6 43. Qf3 Qd7 44. Qf6 Bd5+ 45. Rg2 Bxg2+ 46. Kxg2 Qg4+ 47. Kf2 Qxd4+ 48. Kg3 Qc3+ 49. Qf3 Qxe5+ 50. Kg2 Qb2+ 51. Kh3 Qc2 52. Kg3 Qc7+ 53. Bf4 Qe7 54. Bh6 Qe5+ 1/2-1/2

[Event "GER-ch Youth U10 2020"]
[Site "Willingen"]
[Date "2020.10.30"]
[Round "6.11"]
[White "Thümler, Floris"]
[Black "Braun, Julian"]
[Result "0-1"]
[ECO "B53"]
[WhiteElo "1295"]
[BlackElo "1441"]
[Annotator "NA RC"]
[PlyCount "118"]
[EventDate "2020.10.27"]
[EventType "swiss"]
[EventRounds "7"]
[EventCountry "GER"]
[SourceTitle "playchess.com"]
[Source "ChessBase"]
[SourceQuality "1"]
[TimeControl "40/4500+30:900+30"]

1. e4 c5 2. Nf3 d6 3. d4 cxd4 4. Qxd4 Nf6 5. Bg5 Nc6 6. Bb5 Bd7 7. Bxc6 bxc6 8. c4 e5 9. Qd3 h6 10. Be3 Be6 11. Nc3 Be7 12. O-O-O Nd7 13. Rd2 Nb6 14. b3 O-O 15. Rhd1 Qc7 16. Qe2 Rfd8 17. Ne1 a5 18. Nd3 Rab8 19. Qf3 Nd7 20. g4 d5 21. exd5 cxd5 22. Nxd5 Bxd5 23. Qxd5 Nc5 24. Qf3 e4 25. Qg3 Qxg3 26. hxg3 Nxd3+ 27. Kc2 Ne5 28. Bf4 Rxd2+ 29. Rxd2 Bf6 30. Rd5 Re8 31. Bxe5 Rxe5 32. Rxe5 Bxe5 33. c5 Kf8 34. a3 Ke7 35. b4 axb4 36. axb4 Kd7 37. Kd2 Bd4 38. Ke2 Kc6 39. f3 exf3+ 40. Kxf3 Bc3 41. Kf4 Bxb4 42. Kf5 Bd2 43. Ke4 Kxc5 44. Ke5 Be1 45. Kf4 Kd4 46. Kf3 Ke5 47. Kg2 Ke4 48. Kh2 Kf3 49. Kh1 Kxg3 50. Kg1 Kxg4 51. Kf1 Kf3 52. Kg1 Ke2 53. Kg2 f5 54. Kg1 f4 55. Kg2 f3+ 56. Kg1 f2+ 57. Kh2 Kf3 58. Kh3 f1=Q+ 59. Kh2 Qg2# 0-1

[Event "GER-ch Youth U10 2020"]
[Site "Willingen"]
[Date "2020.10.30"]
[Round "6.12"]
[White "Krstovic, Marko"]
[Black "Herrmann, Arthur"]
[Result "1-0"]
[ECO "E20"]
[WhiteElo "1443"]
[BlackElo "1151"]
[Annotator "NA RC"]
[PlyCount "95"]
[EventDate "2020.10.27"]
[EventType "swiss"]
[EventRounds "7"]
[EventCountry "GER"]
[SourceTitle "playchess.com"]
[Source "ChessBase"]
[SourceQuality "1"]
[TimeControl "40/4500+30:900+30"]

1. d4 Nf6 2. c4 e6 3. Nc3 Bb4 4. f3 O-O 5. a3 Bxc3+ 6. bxc3 d6 7. e3 Nbd7 8. Bd3 b6 9. Ne2 Bb7 10. Ng3 c5 11. Bb2 Qc7 12. O-O Rfe8 13. Qc2 h6 14. Rae1 Rac8 15. e4 cxd4 16. cxd4 Ba6 17. Rc1 Red8 18. Rfd1 b5 19. cxb5 Qxc2 20. Rxc2 Rxc2 21. Bxc2 Bxb5 22. Rb1 Rb8 23. d5 Bc4 24. dxe6 fxe6 25. Bd4 Rxb1+ 26. Bxb1 Nb6 27. Kf2 Kf7 28. Ke3 Ke7 29. Kd2 Kf7 30. Kc3 Nfd7 31. Bd3 Bxd3 32. Kxd3 a5 33. Ne2 e5 34. Be3 h5 35. Nc3 Ke7 36. Bxb6 Nxb6 37. Nd5+ Nxd5 38. exd5 a4 39. Kc4 Kd7 40. Kb5 Kc7 41. Kxa4 Kb6 42. Kb4 h4 43. g3 hxg3 44. hxg3 g6 45. g4 g5 46. a4 Ka6 47. a5 Kb7 48. Kb5 1-0

[Event "GER-ch Youth U10 2020"]
[Site "Willingen"]
[Date "2020.10.30"]
[Round "6.13"]
[White "Mandalka, Justus"]
[Black "Meng, Yuxuan"]
[Result "1-0"]
[ECO "B40"]
[WhiteElo "1437"]
[BlackElo "1515"]
[Annotator "NA RC"]
[PlyCount "125"]
[EventDate "2020.10.27"]
[EventType "swiss"]
[EventRounds "7"]
[EventCountry "GER"]
[SourceTitle "playchess.com"]
[Source "ChessBase"]
[SourceQuality "1"]
[TimeControl "40/4500+30:900+30"]

1. e4 c5 2. Nf3 e6 3. c3 Nf6 4. e5 Nd5 5. d4 cxd4 6. cxd4 Nc6 7. Bc4 Nb6 8. Bb3 h6 9. O-O d6 10. Qe2 d5 11. Nc3 a6 12. Bc2 Bd7 13. a3 Qc7 14. Rb1 Be7 15. Rd1 Nc4 16. Na2 O-O-O 17. Qd3 f6 18. b3 Nb6 19. Re1 fxe5 20. dxe5 Rhf8 21. Bb2 Bc5 22. b4 Be7 23. Bb3 Kb8 24. Nc3 Be8 25. Ne2 Bh5 26. Ned4 Nxd4 27. Nxd4 Bg4 28. Rec1 Qd7 29. f3 Bf5 30. Nxf5 Rxf5 31. Bd4 Nc4 32. Bxc4 dxc4 33. Rxc4 b5 34. Rc3 Qxd4+ 35. Qxd4 Rxd4 36. Rbc1 Rd7 37. Rc6 Rxe5 38. Rxa6 Kb7 39. Rcc6 Red5 40. Rab6+ Ka8 41. Ra6+ Ra7 42. Rxa7+ Kxa7 43. Rc7+ Kb6 44. Rxe7 Rg5 45. Rxe6+ Kc7 46. h4 Rh5 47. Re7+ Kd6 48. Rxg7 Rxh4 49. g3 Rh5 50. Kg2 Ke6 51. g4 Rg5 52. Rb7 Kf6 53. Kg3 Rd5 54. Rb6+ Kg7 55. Kh4 Re5 56. f4 Rd5 57. g5 hxg5+ 58. fxg5 Rd4+ 59. Kh5 Rd5 60. Rb7+ Kg8 61. Kh6 Rd6+ 62. g6 Rd8 63. Rxb5 1-0

[Event "GER-ch Youth U10 2020"]
[Site "Willingen"]
[Date "2020.10.30"]
[Round "6.14"]
[White "Geist, Tim"]
[Black "Klasen, Ennio Rodriguez"]
[Result "1-0"]
[ECO "D15"]
[WhiteElo "1578"]
[BlackElo "1297"]
[Annotator "NA RC"]
[PlyCount "103"]
[EventDate "2020.10.27"]
[EventType "swiss"]
[EventRounds "7"]
[EventCountry "GER"]
[SourceTitle "playchess.com"]
[Source "ChessBase"]
[SourceQuality "1"]
[TimeControl "40/4500+30:900+30"]

1. d4 d5 2. Nf3 c6 3. c4 Nf6 4. Nc3 Bf5 5. cxd5 cxd5 6. Qb3 b6 7. Bg5 e6 8. Bxf6 gxf6 9. e3 Nc6 10. Bb5 Qd7 11. O-O Be7 12. Rac1 Rc8 13. Qa4 Qd6 14. Ne2 Kd7 15. Qxa7+ Rc7 16. Qxb6 Rhc8 17. Rc3 Bd8 18. Rfc1 Be4 19. Nd2 Bf5 20. Nb3 h5 21. Na5 Ke7 22. Bxc6 Kf8 23. Nb7 Qe7 24. Nxd8 Qxd8 25. Bb5 Rxc3 26. Qxd8+ Rxd8 27. Rxc3 Rb8 28. a4 e5 29. h4 e4 30. Nf4 Be6 31. Nxh5 f5 32. Nf4 Kg7 33. Rc5 Rd8 34. b4 Kf6 35. Bc6 Rb8 36. b5 Ke7 37. a5 Kd6 38. a6 Rh8 39. a7 Kc7 40. a8=Q Rxa8 41. Bxa8+ Kb8 42. Bxd5 Bxd5 43. Rxd5 f6 44. Rxf5 Kc7 45. Rxf6 Kc8 46. h5 Kd7 47. h6 Ke7 48. Rg6 Kd7 49. h7 Kc7 50. h8=Q Kb7 51. Qh7+ Kc8 52. Rg8# 1-0

[Event "GER-ch Youth U10 2020"]
[Site "Willingen"]
[Date "2020.10.30"]
[Round "6.15"]
[White "Mohammadzadeh, Daris"]
[Black "Zhang, Yibo"]
[Result "0-1"]
[ECO "C47"]
[WhiteElo "1311"]
[BlackElo "1299"]
[Annotator "NA RC"]
[PlyCount "104"]
[EventDate "2020.10.27"]
[EventType "swiss"]
[EventRounds "7"]
[EventCountry "GER"]
[SourceTitle "playchess.com"]
[Source "ChessBase"]
[SourceQuality "1"]
[TimeControl "40/4500+30:900+30"]

1. e4 e5 2. Nf3 Nc6 3. Nc3 Nf6 4. a3 Be7 5. d4 exd4 6. Nxd4 d6 7. Bb5 Bd7 8. Bxc6 bxc6 9. O-O O-O 10. Be3 Re8 11. Qf3 Rb8 12. Rab1 Qc8 13. h3 c5 14. Nf5 Bf8 15. Bg5 Nxe4 16. Nxe4 Bxf5 17. Ng3 Bxc2 18. Rbc1 Ba4 19. Nh5 Re6 20. Qg3 Rg6 21. Nf4 Rxb2 22. Nxg6 fxg6 23. Rfe1 Qd7 24. Re4 d5 25. Re3 Bd6 26. Qf3 Bc6 27. Rce1 d4 28. Re8+ Qxe8 29. Rxe8+ Bxe8 30. Bf4 Bxf4 31. Qxf4 h6 32. Qxc7 Kh7 33. Qd8 Bb5 34. f4 Rb1+ 35. Kf2 Rf1+ 36. Kg3 d3 37. a4 Bc4 38. h4 h5 39. Qd6 Ra1 40. Qd7 Ra2 41. f5 d2 42. fxg6+ Kxg6 43. Qd6+ Kh7 44. Kf3 Ra3+ 45. Kf2 Rd3 46. Qe5 d1=Q 47. Qe4+ Kh8 48. Qe8+ Bg8 49. Qxh5+ Qxh5 50. Kg1 Qe2 51. a5 Bd5 52. a6 Qxg2# 0-1

[Event "GER-ch Youth U10 2020"]
[Site "Willingen"]
[Date "2020.10.30"]
[Round "6.16"]
[White "Nemitz, Alfred"]
[Black "Stichter, Constantin"]
[Result "0-1"]
[ECO "C00"]
[WhiteElo "1287"]
[BlackElo "1476"]
[Annotator "NA RC"]
[PlyCount "108"]
[EventDate "2020.10.27"]
[EventType "swiss"]
[EventRounds "7"]
[EventCountry "GER"]
[SourceTitle "playchess.com"]
[Source "ChessBase"]
[SourceQuality "1"]
[TimeControl "40/4500+30:900+30"]

1. e4 e6 2. d4 d5 3. Bd3 Nf6 4. e5 Nfd7 5. Nf3 c5 6. c3 Nc6 7. O-O b6 8. Na3 a6 9. Nc2 Bb7 10. a4 c4 11. Be2 Na5 12. Be3 Nb3 13. Ra2 Nb8 14. Na1 Nxa1 15. Rxa1 Nc6 16. Qc2 Na5 17. Nd2 Bc6 18. h3 Be7 19. f4 g6 20. Bf3 Kd7 21. g3 h5 22. Bg2 Qc7 23. Rf2 Kc8 24. h4 Kb7 25. Rff1 Ka7 26. Bf2 Rab8 27. Qd1 b5 28. axb5 Rxb5 29. Rb1 Rhb8 30. Qc2 Qb6 31. Rfd1 Rxb2 32. Rxb2 Qxb2 33. Qxb2 Rxb2 34. Kf1 Ra2 35. Ke1 Ba3 36. Bf1 Bb2 37. Nb1 Nb3 38. Bxc4 Ba4 39. Bxb3 Bxb3 40. Rd2 a5 41. Ke2 a4 42. Kf3 a3 43. Nxa3 Bxa3 44. Rxa2 Bxa2 45. g4 Kb7 46. gxh5 gxh5 47. Be1 Bb1 48. Ke2 Bc1 49. Bg3 Bc2 50. Bh2 Kb6 51. Kf3 Kb5 52. Bg1 Kc4 53. Bf2 Kxc3 54. Ke2 Bxf4 0-1

[Event "GER-ch Youth U10 2020"]
[Site "Willingen"]
[Date "2020.10.30"]
[Round "6.17"]
[White "Bangert, Jonas"]
[Black "Ahlers, Quentin"]
[Result "1-0"]
[ECO "D35"]
[WhiteElo "1549"]
[BlackElo "1425"]
[Annotator "NA RC"]
[PlyCount "151"]
[EventDate "2020.10.27"]
[EventType "swiss"]
[EventRounds "7"]
[EventCountry "GER"]
[SourceTitle "playchess.com"]
[Source "ChessBase"]
[SourceQuality "1"]
[TimeControl "40/4500+30:900+30"]

1. d4 d5 2. c4 e6 3. Nc3 Nf6 4. Bf4 Bb4 5. a3 Bxc3+ 6. bxc3 O-O 7. e3 Ne4 8. Qc2 Nc6 9. Bd3 Nf6 10. Nf3 h6 11. h3 Nh5 12. Be5 Nf6 13. O-O b6 14. Bh2 Bb7 15. Qe2 Na5 16. cxd5 Nxd5 17. Rac1 Nc6 18. c4 Nf6 19. Rc2 Re8 20. c5 bxc5 21. Rxc5 a6 22. Rfc1 Qd7 23. Ne5 Nxe5 24. Bxe5 Nd5 25. Bxc7 Nxc7 26. Rxc7 Qd5 27. f3 Reb8 28. R1c3 Qd6 29. Qc2 Qd8 30. R3c5 Qd6 31. Qc3 g6 32. Kf2 Qd8 33. g3 Qf6 34. f4 Qd8 35. d5 exd5 36. Bxg6 d4 37. Bxf7+ Kf8 38. Qxd4 Qxd4 39. exd4 Be4 40. Ke3 Bh1 41. h4 Rb1 42. Rc1 Rxc1 43. Rxc1 Kxf7 44. Rxh1 Re8+ 45. Kf3 Rd8 46. Rd1 Rb8 47. Rd3 a5 48. Ke4 a4 49. Rc3 Rb3 50. Rxb3 axb3 51. Kd3 Ke6 52. Kc3 Kd5 53. Kxb3 Kxd4 54. Kb4 Ke4 55. a4 Kd5 56. Kb5 Ke4 57. a5 Kf5 58. a6 Kg4 59. a7 Kxg3 60. a8=Q Kxh4 61. Qg2 h5 62. Qh2+ Kg4 63. Kc4 h4 64. Kd3 h3 65. Ke3 Kf5 66. Qxh3+ Kf6 67. Qh5 Ke6 68. Qg5 Kd6 69. Qe5+ Kc6 70. Kd4 Kb6 71. Qc5+ Kb7 72. Qd6 Ka8 73. Qd7 Kb8 74. Kc5 Ka8 75. Kb6 Kb8 76. Qb7# 1-0

[Event "GER-ch Youth U10 2020"]
[Site "Willingen"]
[Date "2020.10.30"]
[Round "6.18"]
[White "Zimmer, Tim"]
[Black "Radeke, Timothy"]
[Result "0-1"]
[ECO "B72"]
[WhiteElo "1025"]
[BlackElo "1143"]
[Annotator "NA RC"]
[PlyCount "40"]
[EventDate "2020.10.27"]
[EventType "swiss"]
[EventRounds "7"]
[EventCountry "GER"]
[SourceTitle "playchess.com"]
[Source "ChessBase"]
[SourceQuality "1"]
[TimeControl "40/4500+30:900+30"]

1. e4 c5 2. Nf3 d6 3. d4 cxd4 4. Nxd4 Nf6 5. Nc3 g6 6. Be3 Bg7 7. Bc4 Ng4 8. Qd2 Nxe3 9. Qxe3 O-O 10. O-O-O Nc6 11. Nxc6 bxc6 12. h4 h5 13. f3 Kh7 14. Kb1 Rb8 15. Bb3 Qa5 16. Rhg1 c5 17. Ka1 Be6 18. Bxe6 fxe6 19. g4 Bd4 20. Qg5 Bxc3 0-1

[Event "GER-ch Youth U10 2020"]
[Site "Willingen"]
[Date "2020.10.30"]
[Round "6.19"]
[White "Theviot, Luca"]
[Black "Bock, Leonas"]
[Result "1-0"]
[ECO "D00"]
[WhiteElo "1423"]
[BlackElo "1301"]
[Annotator "NA RC"]
[PlyCount "75"]
[EventDate "2020.10.27"]
[EventType "swiss"]
[EventRounds "7"]
[EventCountry "GER"]
[SourceTitle "playchess.com"]
[Source "ChessBase"]
[SourceQuality "1"]
[TimeControl "40/4500+30:900+30"]

1. d4 d5 2. Bg5 h6 3. Bh4 g5 4. Bg3 e6 5. e3 Bd6 6. Bxd6 Qxd6 7. c4 c6 8. Nc3 Nd7 9. Bd3 Ngf6 10. Qc2 Rg8 11. O-O-O b6 12. Nge2 Bb7 13. Kb1 Qc7 14. h3 O-O-O 15. Rc1 Kb8 16. cxd5 exd5 17. Nb5 Qc8 18. Qa4 a5 19. b4 Ba6 20. Ka1 axb4 21. Rc2 Qb7 22. Nd6 b5 23. Nxb7 bxa4 24. Bxa6 Rc8 25. Nc5 Rc7 26. Nxd7+ Nxd7 27. Rhc1 Ka7 28. Bd3 Rgc8 29. Bb5 Kb6 30. Bxa4 Ra8 31. Rxc6+ Rxc6 32. Bxc6 Ra3 33. Bxd5 Kb5 34. Kb2 Nb6 35. Bxf7 Na4+ 36. Kb1 Nc3+ 37. Nxc3+ bxc3 38. Bb3 1-0

[Event "GER-ch Youth U10 2020"]
[Site "Willingen"]
[Date "2020.10.30"]
[Round "6.20"]
[White "Sewerinow, Alexander"]
[Black "Rosenkranz, Lennard"]
[Result "1/2-1/2"]
[ECO "B90"]
[WhiteElo "1202"]
[BlackElo "1467"]
[Annotator "NA RC"]
[PlyCount "70"]
[EventDate "2020.10.27"]
[EventType "swiss"]
[EventRounds "7"]
[EventCountry "GER"]
[SourceTitle "playchess.com"]
[Source "ChessBase"]
[SourceQuality "1"]
[TimeControl "40/4500+30:900+30"]

1. e4 c5 2. Nf3 d6 3. d4 cxd4 4. Nxd4 Nf6 5. Nc3 a6 6. Be3 e6 7. Be2 Qc7 8. f3 b5 9. a3 Bb7 10. Qd2 Nbd7 11. O-O-O Rc8 12. Rhe1 Nb6 13. Ndxb5 axb5 14. Nxb5 Qd8 15. Nxd6+ Bxd6 16. Qxd6 Qxd6 17. Rxd6 Nc4 18. Bxc4 Rxc4 19. Red1 O-O 20. Bg5 h6 21. Bxf6 gxf6 22. Rd8 Rxd8 23. Rxd8+ Kg7 24. Rb8 Ba6 25. Rb4 Rc5 26. Ra4 Bf1 27. g3 Be2 28. f4 Bd3 29. c3 e5 30. f5 h5 31. h4 Rb5 32. Kd2 Bb1 33. Kc1 Bd3 34. Kd2 Bf1 35. Rb4 Rc5 1/2-1/2

[Event "GER-ch Youth U10 2020"]
[Site "Willingen"]
[Date "2020.10.30"]
[Round "6.21"]
[White "Mündörfer, Sebastian"]
[Black "Goldkuhle, Collin"]
[Result "1-0"]
[ECO "D36"]
[WhiteElo "1175"]
[BlackElo "1418"]
[Annotator "NA RC"]
[PlyCount "115"]
[EventDate "2020.10.27"]
[EventType "swiss"]
[EventRounds "7"]
[EventCountry "GER"]
[SourceTitle "playchess.com"]
[Source "ChessBase"]
[SourceQuality "1"]
[TimeControl "40/4500+30:900+30"]

1. d4 d5 2. c4 e6 3. Nc3 c6 4. cxd5 exd5 5. Qc2 Nf6 6. Bg5 Be7 7. e3 Be6 8. Bd3 Nbd7 9. Nge2 h6 10. Bh4 O-O 11. Nf4 Ng4 12. Nxe6 fxe6 13. Bg3 Bh4 14. O-O Bxg3 15. hxg3 Qg5 16. Bh7+ Kh8 17. Qg6 Qxg6 18. Bxg6 Rf6 19. Bh5 Nb6 20. Bxg4 Nc4 21. Be2 Nd6 22. Bd3 Raf8 23. b4 a6 24. a4 Rc8 25. e4 Rff8 26. Rfc1 Rc7 27. e5 Nf7 28. b5 Rfc8 29. bxa6 bxa6 30. Bxa6 Ra8 31. Bd3 Rac8 32. a5 c5 33. dxc5 Rxc5 34. a6 Nxe5 35. Be2 d4 36. Na2 Rxc1+ 37. Nxc1 Nc6 38. Bf3 Na7 39. Rb1 e5 40. Nd3 Re8 41. Be4 Rc8 42. Rb7 Ra8 43. Re7 Rc8 44. Rxa7 g5 45. Re7 g4 46. a7 h5 47. a8=Q Rxa8 48. Bxa8 h4 49. gxh4 g3 50. fxg3 e4 51. Bxe4 Kg8 52. h5 Kh8 53. g4 Kg8 54. g5 Kh8 55. h6 Kg8 56. g6 Kf8 57. Re5 Kg8 58. Re8# 1-0

[Event "GER-ch Youth U10 2020"]
[Site "Willingen"]
[Date "2020.10.30"]
[Round "6.22"]
[White "Laux, Filip"]
[Black "Peglau, Paul David"]
[Result "1-0"]
[ECO "B30"]
[WhiteElo "1198"]
[BlackElo "1322"]
[Annotator "NA RC"]
[PlyCount "53"]
[EventDate "2020.10.27"]
[EventType "swiss"]
[EventRounds "7"]
[EventCountry "GER"]
[SourceTitle "playchess.com"]
[Source "ChessBase"]
[SourceQuality "1"]
[TimeControl "40/4500+30:900+30"]

1. e4 c5 2. Nf3 Nc6 3. g3 Nf6 4. d3 d6 5. Bg2 Bg4 6. O-O g6 7. c3 Bg7 8. Re1 O-O 9. d4 cxd4 10. cxd4 Rc8 11. Nc3 a6 12. Bf4 Qb6 13. d5 Na5 14. Rb1 Nc4 15. Qc2 Rc7 16. Nd2 Rfc8 17. Bf1 Qa5 18. Nxc4 Rxc4 19. Bxc4 Rxc4 20. Kg2 b5 21. Qd3 Qb4 22. e5 Rd4 23. exf6 Rxd3 24. fxe7 Bd7 25. e8=Q+ Bxe8 26. Rxe8+ Bf8 27. Bh6 1-0

[Event "GER-ch Youth U10 2020"]
[Site "Willingen"]
[Date "2020.10.30"]
[Round "6.23"]
[White "Conrad, Marius"]
[Black "Wolff, Calvin"]
[Result "0-1"]
[ECO "C54"]
[WhiteElo "1645"]
[BlackElo "1219"]
[Annotator "NA RC"]
[PlyCount "76"]
[EventDate "2020.10.27"]
[EventType "swiss"]
[EventRounds "7"]
[EventCountry "GER"]
[SourceTitle "playchess.com"]
[Source "ChessBase"]
[SourceQuality "1"]
[TimeControl "40/4500+30:900+30"]

1. e4 e5 2. Nf3 Nc6 3. Bc4 Bc5 4. c3 Nf6 5. d3 O-O 6. O-O d6 7. a4 a6 8. h3 Ne7 9. Na3 Ng6 10. Re1 Be6 11. Bxe6 fxe6 12. d4 exd4 13. cxd4 Bb4 14. Bd2 Bxd2 15. Qxd2 d5 16. exd5 exd5 17. Ng5 Re8 18. Rxe8+ Qxe8 19. b3 Qe7 20. Nc2 h6 21. Re1 Qd6 22. Nf3 Ne4 23. Qc1 Nf4 24. Re3 Qg6 25. Nh4 Qg5 26. g3 Nxh3+ 27. Kf1 Rf8 28. f4 Rxf4+ 29. Ke1 Nxg3 30. Kd2 Nf1+ 31. Kc3 Nxe3 32. Qxe3 Qxh4 33. Qe6+ Kh7 34. Qxd5 Qf6 35. Kb2 Rf2 36. b4 c6 37. Qe4+ Qf5 38. Qxf5+ Rxf5 0-1

[Event "GER-ch Youth U10 2020"]
[Site "Willingen"]
[Date "2020.10.30"]
[Round "6.24"]
[White "Deiringer, Julius"]
[Black "Huang, Luca Hanson"]
[Result "1-0"]
[ECO "B43"]
[WhiteElo "1332"]
[BlackElo "1570"]
[Annotator "NA RC"]
[PlyCount "71"]
[EventDate "2020.10.27"]
[EventType "swiss"]
[EventRounds "7"]
[EventCountry "GER"]
[SourceTitle "playchess.com"]
[Source "ChessBase"]
[SourceQuality "1"]
[TimeControl "40/4500+30:900+30"]

1. e4 c5 2. Nf3 e6 3. Nc3 a6 4. d4 cxd4 5. Nxd4 Qc7 6. g3 Nf6 7. Bg2 Nc6 8. Nb3 Be7 9. O-O O-O 10. Be3 b5 11. a3 Bb7 12. f4 d6 13. Kh1 Rfd8 14. g4 Rac8 15. g5 Nd7 16. Qh5 Nb6 17. Rf3 g6 18. Qh6 Bf8 19. Qh4 Bg7 20. Rh3 Nc4 21. Qxh7+ Kf8 22. Nd1 Nxe3 23. Nxe3 Bxb2 24. Rb1 Bg7 25. Nd5 exd5 26. f5 Ne7 27. f6 Bxf6 28. gxf6 Ng8 29. Qg7+ Ke8 30. Qxg8+ Kd7 31. Qxf7+ Kc6 32. Qxd5+ Kb6 33. Qd4+ Kc6 34. e5+ Kd7 35. Rh7+ Ke8 36. Rxc7 1-0